 Dungeon Crawl Stone Soup version 0.32-a0-540-g866d13106e (webtiles) character file.

Game seed: 16294939685438267731

225 lunkers the Cutter (level 6, -2/44 HPs)
             Began as a Coglin Brigand on Feb 28, 2024.
             Was an Initiate of Ru.
             Slain by a gnoll
             ... wielding a +0 halberd
              (11 damage)
             ... on level 4 of the Dungeon.
             The game lasted 00:06:30 (2755 turns).

lunkers the Cutter (Coglin Brigand)                 Turns: 2755, Time: 00:06:31

Health: -2/44      AC:  7    Str: 16    XL:     6   Next: 1%
Magic:  6/6        EV: 10    Int: 10    God:    Ru [......]
Gold:   207        SH:  0    Dex: 14    Spells: 5/5 levels left

rFire   . . .        a - +2 dagger {Sarina}
rCold   . . .        l - +0 dagger {Surjit}
rNeg    . . .        h - +0 ring mail
rPois   .            (no helmet)
rElec   .            c - +1 cloak
rCorr   .            q - +2 pair of gloves "Bojups" {Fly Will++ Str+3 Dex-2}
SInv    .            (no boots)
Will    ++...        (no amulet)
Stlth   ++           (ring unavailable)
HPRegen 0.27/turn    (ring unavailable)
MPRegen 0.10/turn

%: no passive effects
@: flying, revved
A: off-hand wielding, slow wielding, warmup strikes, no rings, deformed body,
sense surroundings 1
a: Renounce Religion


You were on level 4 of the Dungeon.
You worshipped Ru.
Ru was noncommittal.
You visited 2 branches of the dungeon, and saw 5 of its levels.

You collected 207 gold pieces.

Inventory:

Hand Weapons
 a - a +2 dagger (weapon) {Sarina}
 l - a +0 dagger (offhand) {Surjit}
Missiles
 d - 12 poisoned darts
 e - 3 curare-tipped darts
Armour
 c - a +1 cloak (worn)
 h - a +0 ring mail (worn)
 q - the +2 pair of gloves "Bojups" (worn) {Fly Will++ Str+3 Dex-2}
   (You found it on level 3 of the Dungeon)

   Str+3:     It affects your strength (+3).
   Dex-2:     It affects your dexterity (-2).
   Will++:    It greatly increases your willpower.
   Fly:       It grants you flight.
 t - a +0 pair of gloves
Wands
 m - a wand of acid (6)
Scrolls
 b - 2 scrolls of amnesia
 f - 2 scrolls of fear
 i - a scroll of teleportation
Potions
 k - a potion of mutation
 r - a potion of enlightenment
 s - a potion of brilliance {unknown}


   Skills:
 - Level 2.0 Fighting
 + Level 5.5 Short Blades
 - Level 1.7 Throwing
 - Level 0.8 Dodging
 - Level 3.2 Stealth


You had 5 spell levels left.
You didn't know any spells.
Your spell library contained the following spells:

 Spells                   Type           Power      Damage    Failure   Level
 Magic Dart               Conj           0%         1d3       58%         1
 Searing Ray              Conj           0%         2d4       73%         2
 Fugue of the Fallen      Necr           0%         N/A       91%         3
 Ozocubu's Armour         Ice            0%         N/A       91%         3
 Fulminant Prism          Conj/Alch      0%         3d5       100%        4
 Manifold Assault         Tloc           0%         N/A       100%        4


Dungeon Overview and Level Annotations

Branches:
Dungeon (4/15)             Temple (1/1) D:4

Altars:
Ashenzari
Cheibriados
Dithmenos
Elyvilon
Fedhas
Gozag
Hepliaklqana
Kikubaaqudgha
Makhleb
Nemelex Xobeh
Okawaru
Qazlal
Ru
Uskayaw
Vehumet
Xom
Yredelemnul
Zin
The Shining One


Innate Abilities, Weirdness & Mutations

You can wield a second weapon in your off-hand.
It takes a long time for you to wield or remove held weapons.
Your first few attacks do less damage.
Your grasper-arms cannot wear rings.
Armour fits poorly on your strangely shaped body.
You passively map a small area around you.


Message History

The gnoll barely misses you.
You hit the gnoll but do no damage.
You barely miss the gnoll with your +2 dagger.
The gnoll barely misses you.
Unknown command.
You barely miss the gnoll with your +0 dagger.
You hit the gnoll but do no damage. The gnoll closely misses you. x2
Unknown command.
You completely miss the gnoll with your +2 dagger.
You hit the gnoll with your +0 dagger. The gnoll closely misses you.
The gnoll barely misses you.
Unknown command.
You hit the gnoll with your +0 dagger.
The gnoll is lightly wounded.
You hit the gnoll but do no damage. The gnoll hits you with a +0 spear.
* * * LOW HITPOINT WARNING * * *
You hit the gnoll but do no damage.
The gnoll is lightly wounded.
You hit the gnoll with your +2 dagger. The gnoll closely misses you.
Unknown command.
You barely miss the gnoll with your +2 dagger.
The gnoll is lightly wounded.
You hit the gnoll with your +0 dagger. The gnoll closely misses you.
The gnoll barely misses you.
Unknown command.
You hit the gnoll with your +2 dagger.
The gnoll is severely wounded.
You barely miss the gnoll with your +0 dagger.
The gnoll hits you but does no damage.
Unknown command.
You closely miss the gnoll with your +2 dagger.
The gnoll is severely wounded.
You hit the gnoll with your +0 dagger. The gnoll completely misses you.
Unknown command.
You barely miss the gnoll with your +2 dagger.
The gnoll is severely wounded.
You hit the gnoll with your +0 dagger. The gnoll hits you but does no damage.
The gnoll hits you from afar with a +0 halberd!
You die...
Ru respects your ultimate sacrifice.

#..# #.# #..# #..#
#.# #))#
##..#####.#####..#
*
#..........).g...#
*,
#...........g...##
,
#..######.#######
, #..# #g#
###.###..# #g#
.........######@#
###.####...)....#
, ########## * * *
* *


You could see 2 gnolls.

Vanquished Creatures
  An iguana (D:4)
  Natasha (thrice) (D:3)
  2 gnolls (D:4)
  3 adders
  A ribbon worm (D:2)
  2 dart slugs
  2 orcs (D:3)
  4 endoplasms
  2 giant cockroaches (D:1)
  5 goblins
  9 hobgoblins
  3 quokkas
  6 ball pythons
  8 bats
  2 frilled lizards
  5 kobolds
  21 rats
79 creatures vanquished.

Notes
Turn   | Place    | Note
-------+----------+-------------------------------------------
     0 | D:1      | lunkers the Coglin Brigand began the quest for the Orb.
     0 | D:1      | Reached XP level 1. HP: 16/16 MP: 1/1
   100 | D:1      | Reached skill level 2 in Short Blades
   182 | D:1      | Reached XP level 2. HP: 17/22 MP: 2/2
   531 | D:1      | Reached skill level 3 in Short Blades
   577 | D:1      | Reached XP level 3. HP: 26/27 MP: 3/3
  1323 | D:2      | Reached XP level 4. HP: 32/33 MP: 4/4
  1459 | D:2      | Reached skill level 4 in Short Blades
  1785 | D:3      | Identified the +2 pair of gloves "Bojups" {Fly Will++ Str+3
                  | Dex-2}
  1804 | D:3      | Noticed Natasha
  1817 | D:3      | Killed Natasha
  2013 | D:3      | Reached XP level 5. HP: 34/38 MP: 5/5
  2301 | D:3      | Noticed Natasha
  2310 | D:3      | Killed Natasha
  2319 | D:3      | Noticed Natasha
  2325 | D:3      | Killed Natasha
  2326 | D:3      | Reached skill level 5 in Short Blades
  2455 | D:4      | Found a staircase to the Ecumenical Temple.
  2528 | D:4      | Gained mutation: You passively map a small area around you.
                  | [potion of mutation]
  2528 | D:4      | Gained mutation: Armour fits poorly on your strangely
                  | shaped body. [potion of mutation]
  2564 | Temple   | Entered the Ecumenical Temple
  2614 | Temple   | Became a worshipper of Ru the Awakened
  2636 | D:4      | Found the +7 Kryia's mail coat {PotionHeal*2 rC+}
  2736 | D:4      | Reached XP level 6. HP: 14/44 MP: 6/6
  2755 | D:4      | Slain by a gnoll

Illustrated notes

Levels and vault maps discovered:
D:1:      dpeg_arrival_central, layout_basic
D:2:      layout_basic, serial_corexii_hall, corexii_hall_statues_u,
          chequers_hall_statues_y, chequers_hall_statues_corner_a,
          chequers_hall_statues_y, hangedman_decor_points, minmay_pentomino_u4
D:3:      layout_loops_cross, minmay_rat_hole, uniq_natasha
D:4:      layout_loops_ring, minmay_temple_entry_overgrown
Temple:   compressed_dpeg_triangle_lava_temple

Skill      XL: |  1  2  3  4  5 |
---------------+----------------+-----
Short Blades   | 2 3 4 5 |  5.5
Fighting       | |  2.0
Throwing       | |  1.7
Dodging        | |  0.8
Stealth        | |  3.2

Action                     |  1- 3 |  4- 6 || total
---------------------------+-------+-------++-------
  Melee: Dagger            |   190 |   264 ||   454
    Use: Scroll            |       |     7 ||     7
         Potion            |       |     2 ||     2
   Stab: Sleeping          |     4 |     3 ||     7
 Armour: Leather armour    |     9 |       ||     9
         Robe              |     4 |       ||     4
         Ring mail         |    82 |    99 ||   181
  Dodge: Dodged            |    58 |    66 ||   124

Table legend: (Time is in decaauts)
 A = Elapsed time spent in this place.
 B = Non-inter-level travel time spent in this place.
 C = Inter-level travel time spent in this place.
 D = Time resting spent in this place.
 E = Time spent auto-exploring this place.
 F = Levels seen in this place.
 G = Mean time per level.
                   A        B        C        D        E       F      G
               +--------+--------+--------+--------+--------+-----+--------+
         Total |   2699 |   2596 |    103 |      0 |   1965 |   5 |  539.8 |
       Dungeon |   2638 |   2542 |     96 |      0 |   1965 |   4 |  659.5 |
        Temple |     60 |     53 |      7 |      0 |      0 |   1 |   60.0 |
               +--------+--------+--------+--------+--------+-----+--------+

Top non-repeatable levels by time:
     D:1: 926 daAuts
     D:3: 748 daAuts
     D:2: 731 daAuts
     D:4: 232 daAuts
  Temple: 60 daAuts
